Cogmind - Beta 11 X6 @@@ ROGUE MODE // 2021.07.17 @ 13:32:44 Player: Stryker Result: Destroyed by as-65733 with Assembled Maul Performance ------------- Evolutions (1) 500 Regions Visited (4) 800 Robots Destroyed (59) 295 Value Destroyed (1301) 1301 Prototype IDs (8) 160 Alien Tech Used (0) 0 Bonus (0) 0 TOTAL SCORE: 3056 Bonus ------- None Cogmind --------- Core Integrity 0/400 Matter 270/300 Energy 100/100 System Corruption 10% Temperature Cool (0) Movement Core (550) Ox10 Location -9/Exiles Parts ------- > --- POWER (1) -------- (None) > --- PROPULSION (3) --- Armored Treads Armored Treads > --- UTILITY (3) ------ Large Storage Unit Medium Armor Plating > --- WEAPON (2) ------- Advanced Beam Rifle Heavy Assault Rifle > --- INVENTORY (15) --- Improved Ion Engine Armored Treads High-capacity Matter Pod (200) Structural Scanner Faulty Experimental Sensor Array Signal Interpreter Hacking Suite Hacking Suite Advanced Beam Rifle Mini Grenade Launcher Flail Peak State ------------ > --- POWER ------------ Ion Engine > --- PROPULSION ------- Armored Treads Armored Treads Armored Wheel > --- UTILITY ---------- Improved Heat Sink Large Storage Unit Light Armor Plating > --- WEAPON ----------- Advanced Beam Rifle Heavy Assault Rifle > --- INVENTORY -------- Improved Ion Engine Light Treads Armored Treads High-capacity Matter Pod Structural Scanner Sensor Array Signal Interpreter Medium Armor Plating Medium Armor Plating Hacking Suite Advanced Beam Rifle Advanced Beam Rifle Mini Grenade Launcher Plasma Cutter Flail [Rating: 23] Favorites ----------- Power Ion Engine Engine Ion Engine Propulsion Light Treads Treads Light Treads Leg Aluminum Leg Wheel Wheel Utility Large Storage Unit Device High-powered Tractor Beam Storage Large Storage Unit Protection Light Armor Plating Weapon Light Assault Rifle Energy Gun Advanced Beam Rifle Ballistic Gun Light Assault Rifle Special Weapon Plasma Cutter Build | -11 -10 -9 -9 -9 ------- Run | Scr Mat Mat Min Exi Slots Evolved 2 | . . 2 . . Power . | . . . . . Propulsion 1 | . . 1 . . Utility 1 | . . 1 . . Weapon . | . . . . . Parts Attached 67 | 3 14 46 . 4 Power 5 | . 1 4 . . Engine 5 | . 1 4 . . Core . | . . . . . Reactor . | . . . . . Propulsion 25 | 2 5 17 . 1 Treads 19 | 1 3 14 . 1 Leg . | . . . . . Wheel 6 | 1 2 3 . . Hover . | . . . . . Flight . | . . . . . Utility 22 | . 4 16 . 2 Device 6 | . 2 4 . . Storage 2 | . 1 1 . . Processor . | . . . . . Hackware . | . . . . . Protection 14 | . 1 11 . 2 Artifact . | . . . . . Weapon 15 | 1 4 9 . 1 Energy Gun 5 | 1 . 3 . 1 Energy Cannon . | . . . . . Ballistic Gun 8 | . 4 4 . . Ballistic Cannon . | . . . . . Launcher . | . . . . . Special Weapon 2 | . . 2 . . Impact Weapon . | . . . . . Slashing Weapon . | . . . . . Piercing Weapon . | . . . . . Special Melee Weapon . | . . . . . Unidentified Prototypes 1 | . . 1 . . Parts Lost 19 | . 4 8 . 7 Power 1 | . . . . 1 Propulsion 10 | . 3 5 . 2 Utility 7 | . 1 3 . 3 Weapon 1 | . . . . 1 Highest Loss Streak 7 | . 2 4 . 7 Average Slot Usage (%) 98 | . 98 99 100 95 Engine 11 | . 14 11 11 8 Treads 20 | . 16 23 22 21 Wheel 10 | . 12 9 11 11 Device 7 | . 12 4 11 9 Storage 11 | . 14 11 11 11 Protection 11 | . . 16 11 11 Energy Gun 8 | . 11 6 11 11 Ballistic Gun 14 | . 16 13 11 11 Naked Turns . | . . . . . Heaviest Build 44 | 14 31 44 35 39 Greatest Support 60 | 20 40 60 12 12 Greatest Overweight (x) 10 | 1 3 4 2 10 Average Overweight (x) 2 | . 1 2 2 2 Largest Inventory Capacity 15 | 8 15 15 15 15 Average Capacity 13 | 8 9 15 15 15 Most Carried 15 | 7 15 15 15 15 Average Carried 12 | 5 8 14 14 14 Final Capacity 15 | 8 15 15 15 15 Final Carried 15 | 7 15 15 15 11 Class Distribution -------------------- 73% | Mutant 26% | Scavenger-Mutant Dominant Class ---------------- Mutant | -10/Materials Mutant | -9/Materials Mutant | -9/Mines Mutant | -9/Exiles Resources | -11 -10 -9 -9 -9 ----------- Run | Scr Mat Mat Min Exi Matter Collected 1416 | 230 297 877 . 12 Remotely 156 | . 115 41 . . Salvage Created 2157 | 117 484 1556 . . Parts 141 | 2 29 110 . . Haulers Intercepted 5 | . 1 4 . . Recyclers Shooed 3 | 1 1 1 . . Parts Field Recycled . | . . . . . Retrieved Matter . | . . . . . Parts Self-Destructed . | . . . . . Prevented . | . . . . . Kills | -11 -10 -9 -9 -9 ------- Run | Scr Mat Mat Min Exi Combat Hostiles Destroyed 37 | . 8 29 . . Guns 33 | . 8 25 . . Cannons 4 | . . 4 . . Classes Destroyed 12 | 2 8 2 . . Worker 3 | . 1 2 . . Builder 2 | . 1 1 . . Tunneler 1 | 1 . . . . Hauler 5 | . 1 4 . . Recycler 3 | 1 1 1 . . Mechanic 2 | . 1 1 . . Operator 3 | . 1 2 . . Watcher 3 | . 1 2 . . Swarmer 10 | . 3 7 . . Grunt 21 | . 5 16 . . Brawler 1 | . . 1 . . Sentry 5 | . . 5 . . Best Kill Streak 5 | 1 5 5 . . Combat Bots Only 5 | . 5 5 . . Max Kills in Single Turn 2 | 1 1 2 . . Gunslinging . | . . . . . Exploded . | . . . . . Melee . | . . . . . Uniques/NPCs Destroyed . | . . . . . Combat | -11 -10 -9 -9 -9 -------- Run | Scr Mat Mat Min Exi Damage Taken 4061 | . 746 1840 . 1475 Core 531 | . 113 235 . 183 Absorbed by Shields . | . . . . . Core Remaining (%) 77 | 100 54 . . . Volleys Fired 181 | 11 46 124 . . Largest 2 | 1 2 2 . . Hottest 122 | 50 90 122 . . Shots Fired 329 | 11 88 229 . 1 Gun 309 | 11 88 209 . 1 Cannon . | . . . . . Launcher . | . . . . . Special 20 | . . 20 . . Kinetic 219 | . 50 168 . 1 Thermal 104 | 11 32 61 . . Explosive . | . . . . . Electromagnetic 6 | . 6 . . . Robot Hit Streak 34 | 6 10 34 . 2 Robot Miss Streak 4 | 1 3 4 . . Penetration Max . | . . . . . Secondary Targets 9 | . 4 5 . . Max Gunslinging Chain 1 | . 1 1 . . Shots Hit Robots 226 | 9 54 162 . 1 Core Hits 95 | 1 24 69 . 1 Critical Kills . | . . . . . Critical Parts Destroyed 1 | . . 1 . . Critical Strikes 12 | 3 1 8 . . Burn 10 | 3 1 6 . . Destroy 1 | . . 1 . . Sever 1 | . . 1 . . Melee Attacks . | . . . . . Impact . | . . . . . Slashing . | . . . . . Piercing . | . . . . . Sneak Attacks . | . . . . . Combat Hostiles . | . . . . . Follow-up Attacks . | . . . . . Damage Inflicted 2841 | 100 640 2087 . 14 Guns 2663 | 100 605 1944 . 14 Cannons . | . . . . . Explosions 35 | . 35 . . . Melee . | . . . . . Ramming . | . . . . . Kinetic 1545 | . 287 1244 . 14 Thermal 1227 | 100 284 843 . . Explosive . | . . . . . Electromagnetic 69 | . 69 . . . Impact . | . . . . . Slashing . | . . . . . Piercing . | . . . . . Highest Corruption 10 | . 2 5 5 10 Average Corruption 4 | . 2 5 5 5 Corruption Purged . | . . . . . Effects 53 | . 5 40 2 6 Message Errors 14 | . 1 12 1 . Matter Fused 9 | . . 8 . 1 Heat Flow Errors 5 | . 3 2 . . Energy Discharges 7 | . . 4 . 3 Parts Rejected 3 | . . 3 . . Data Loss (minor) 6 | . 1 5 . . Data Loss (major) 5 | . . 3 1 1 Misfires 1 | . . . . 1 Weapon Failures 3 | . . 3 . . Overload Shots . | . . . . . Overflow Damage 2 | . 2 . . . Projectiles . | . . . . . Explosions 2 | . 2 . . . Melee . | . . . . . Knockbacks . | . . . . . Impact . | . . . . . Kinetic . | . . . . . Secondary . | . . . . . Self-Inflicted Damage 37 | . 37 . . . Shots 1 | . 1 . . . Rammed . | . . . . . Targets Rammed . | . . . . . Kicked . | . . . . . Crushed . | . . . . . Highest Temperature 288 | 50 288 282 . . Average Temperature 76 | 25 115 54 . . Received Heat Transfer 1439 | . 312 747 . 380 Effects 7 | . 6 1 . . Energy Bleed 2 | . 1 1 . . Interference 5 | . 5 . . . Siege Activations . | . . . . . Robots Corrupted . | . . . . . Combat Hostiles . | . . . . . Parts Fried 1 | . 1 . . . Impact Corruptions . | . . . . . Robots Melted 1 | 1 . . . . Combat Hostiles . | . . . . . Parts Melted 3 | . 1 2 . . Heat Transferred 3602 | 518 864 2220 . . Parts Sabotaged . | . . . . . Parts Stolen . | . . . . . Parts Stripped . | . . . . . Power Chain Reactions 1 | . 1 . . . Missiles Intercepted . | . . . . . Alert | -11 -10 -9 -9 -9 ------- Run | Scr Mat Mat Min Exi Peak Influence 292 | 10 189 292 17 . Initial 17 | . 6 3 17 . Average 115 | 5 85 138 17 . Maximum Alert Level 1 | . . 1 . . Low Security (%) 88 | 100 100 82 100 . Level 1 11 | . . 17 . . Level 2 . | . . . . . Level 3 . | . . . . . Level 4 . | . . . . . Level 5 . | . . . . . High Security . | . . . . . Max Security . | . . . . . Squads Dispatched 9 | . 4 5 . . Investigation 3 | . 1 2 . . Extermination . | . . . . . Reinforcement 6 | . 3 3 . . Assault . | . . . . . Garrison . | . . . . . Intercept . | . . . . . Construction Impeded . | . . . . . Haulers Reinforced . | . . . . . Active Scanning Responses . | . . . . . Cargo Convoy Interrupts . | . . . . . Stealth | -11 -10 -9 -9 -9 --------- Run | Scr Mat Mat Min Exi Distress Signals 2 | . . 2 . . Communications Jammed . | . . . . . Distress Signals . | . . . . . Times Spotted 87 | . 22 58 . 7 Peak Tracking Total 12 | . 6 8 . 12 Tactical Retreats 5 | . 2 1 . 2 Traps | -11 -10 -9 -9 -9 ------- Run | Scr Mat Mat Min Exi Traps Triggered 3 | . 2 1 . . Indirectly . | . . . . . Trap Hack Attempts . | . . . . . Triggered . | . . . . . Disarmed . | . . . . . Reprogrammed . | . . . . . Reused . | . . . . . Traps Extracted . | . . . . . Installed . | . . . . . Triggered . | . . . . . Machines | -11 -10 -9 -9 -9 ---------- Run | Scr Mat Mat Min Exi Machines Disabled 3 | . 2 1 . . Max in Single Turn 2 | . 2 1 . . Machines Sabotaged . | . . . . . Garrisons Compromised . | . . . . . Overloaded Fab Kills . | . . . . . Fab Network Shutdowns . | . . . . . Hacking | -11 -10 -9 -9 -9 --------- Run | Scr Mat Mat Min Exi Machines Accessed 18 | . 8 9 . 1 Terminals 12 | . 6 6 . . Fabricators . | . . . . . Repair Stations 1 | . . 1 . . Recycling Units 3 | . 2 1 . . Scanalyzers 1 | . . 1 . . Garrison Access . | . . . . . Total Hacks 54 | . 19 34 . 1 Successful 39 | . 12 26 . 1 Failed 14 | . 7 7 . . Catastrophic 2 | . 1 1 . . Database Lockouts 1 | . . 1 . . Manual 20 | . 7 13 . . Terminals 36 | . 14 22 . . Fabricators . | . . . . . Repair Stations 1 | . . 1 . . Recycling Units 7 | . 5 2 . . Scanalyzers 9 | . . 9 . . Garrison Access . | . . . . . Terminal Hacks 13 | . 4 8 . 1 Record 1 | . . . . 1 Part Schematic 1 | . . 1 . . Prototype ID Bank 5 | . 4 1 . . Alert Level 1 | . . 1 . . Unreport Threat 2 | . . 2 . . Locate Traps 2 | . . 2 . . Hauler Manifests 1 | . . 1 . . Fabricator Hacks . | . . . . . Repair Station Hacks . | . . . . . Recycling Unit Hacks 3 | . 2 1 . . Retrieve Components 3 | . 2 1 . . Scanalyzer 9 | . . 9 . . Insert Component 4 | . . 4 . . Analyze 5 | . . 5 . . Garrison Access Hacks . | . . . . . Unauthorized Hacks 14 | . 6 8 . . Terminals 9 | . 3 6 . . Track 4 | . 1 3 . . Botnet 4 | . 2 2 . . Operators 1 | . . 1 . . Fabricators . | . . . . . Repair Stations 1 | . . 1 . . Mechanics 1 | . . 1 . . Recycling Units 4 | . 3 1 . . Recyclers 1 | . 1 . . . Mask 3 | . 2 1 . . Scanalyzers . | . . . . . Garrison Access . | . . . . . Data Cores Recovered 1 | . . 1 . . Used . | . . . . . Hacking Detections 14 | . 6 8 . . Full Trace Events 1 | . . 1 . . Feedback Events . | . . . . . Feedback Blocked . | . . . . . Robot Schematics Acquired . | . . . . . Robots Built . | . . . . . Matter . | . . . . . Time . | . . . . . Total Robot Build Rating . | . . . . . Part Schematics Acquired 5 | . . 5 . . Parts Built . | . . . . . Matter . | . . . . . Time . | . . . . . Total Part Build Rating . | . . . . . Parts Repaired . | . . . . . Time . | . . . . . Parts Recycled . | . . . . . Recycled Matter . | . . . . . Retrieved Matter . | . . . . . Retrieved Components 11 | . 9 2 . . Parts Scanalyzed 4 | . . 4 . . Part Schematics Acquired 4 | . . 4 . . Parts Damaged . | . . . . . Bothacking | -11 -10 -9 -9 -9 ------------ Run | Scr Mat Mat Min Exi Used RIF Installer . | . . . . . Robots Hacked . | . . . . . Non-combat . | . . . . . Combat . | . . . . . Robot Hacks Applied . | . . . . . Relay Couplers Released . | . . . . . Robots Rewired . | . . . . . Allies Hacked . | . . . . . Hacks Repelled . | . . . . . Allies | -11 -10 -9 -9 -9 -------- Run | Scr Mat Mat Min Exi Total Allies . | . . . . . Largest Group . | . . . . . Highest-Rated Group . | . . . . . Highest-Rated Ally . | . . . . . Total Orders . | . . . . . Ally Attacks . | . . . . . Total Damage . | . . . . . Kills . | . . . . . Allies Corrupted . | . . . . . Allies Melted . | . . . . . Intel | -11 -10 -9 -9 -9 ------- Run | Scr Mat Mat Min Exi Robot Analysis Total . | . . . . . Derelict Logs Recovered . | . . . . . Drone Launches . | . . . . . Drone Recoveries . | . . . . . Exploration | -11 -10 -9 -9 -9 ------------- Run | Scr Mat Mat Min Exi Turns Passed 2953 | 80 848 1808 69 148 Spaces Moved 1871 | 45 643 1008 57 118 Core 1 | . . . . 1 Treads 101 | . 22 79 . . Legs 30 | 30 . . . . Wheels 1739 | 15 621 929 57 117 Hover . | . . . . . Flight . | . . . . . Fastest Speed 95 | 95 95 110 120 120 Average Speed 118 | 111 101 129 120 124 Slowest Speed 550 | 120 160 160 120 550 Overloaded Moves . | . . . . . Propulsion Burnouts . | . . . . . Robots Hopped . | . . . . . Cave-ins Triggered . | . . . . . Exploration Rate (%) 45 | 4 89 74 15 47 Regions Visited 4 Branch Regions 2 Pre-discovered Areas 1 | . . . . 1 Known Exits Taken . | . . . . . Unknown Exits Taken 4 | 1 1 1 1 . Scrap Searched . | . . . . . Spaces Dug . | . . . . . Terrain Destroyed . | . . . . . Melee . | . . . . . Projectile . | . . . . . AOE . | . . . . . Terrain Rammed . | . . . . . Walls Destroyed . | . . . . . Machines Disabled . | . . . . . Actions | -11 -10 -9 -9 -9 --------- Run | Scr Mat Mat Min Exi Total 2304 | 65 762 1297 58 122 Wait 92 | 2 30 60 . . Move 1867 | 44 642 1007 56 118 Hop . | . . . . . Pick Up 46 | 1 17 27 1 . Fast Attach 9 | 1 4 4 . . Attach 25 | 2 3 16 . 4 Detach 3 | 3 . . . . Swap 33 | . 7 26 . . Drop 48 | 1 13 33 1 . Fire 181 | 11 46 124 . . Melee . | . . . . . Ram . | . . . . . Kick . | . . . . . Crush . | . . . . . Escape Stasis . | . . . . . Rewire . | . . . . . Trap . | . . . . . Miscellaneous . | . . . . . Route ------- -11/Scrapyard -10/Materials (discovered 5 exits: *Mat x3 / [*Min x2]) -9/Materials (discovered 4 exits: [*Mat x2] / [*Min] / [*Sto]) -9/Mines -9/Exiles (discovered 1 exit: [*Min]) History --------- Turn | Location | Event 3 | -11/Scrapyard | Discovered new exit (range 3) 81 | -11/Scrapyard | Entered Materials 250 | -10/Materials | Discovered new exit (range 12) 296 | -10/Materials | Discovered new exit (range 13) 303 | -10/Materials | Build established: Mutant 422 | -10/Materials | Discovered new exit (range 16) 698 | -10/Materials | Discovered new exit (range 5) 812 | -10/Materials | Discovered new exit (range 7) 929 | -10/Materials | Entered another Materials area 929 | -9/Materials | Evolved 2 slots: Propulsion x1, Utility x1 932 | -9/Materials | Discovered new exit (range 14) 1684 | -9/Materials | Lost 4 parts (3n1u) 1929 | -9/Materials | Build established: Scavenger-Mutant 1957 | -9/Materials | Discovered new exit (range 16) 2285 | -9/Materials | Core integrity fell below 50% 2334 | -9/Materials | Discovered new exit (range 15) 2439 | -9/Materials | Central database locked down 2534 | -9/Materials | Discovered new exit (range 11) 2705 | -9/Materials | Build established: Mutant 2737 | -9/Materials | Entered Mines 2790 | -9/Mines | Found a damaged Exp. Sensor Array with a note attached 2793 | -9/Mines | Found Prototype Device 2801 | -9/Mines | Deemed a non-threat by the Exiles lab entrance 2801 | -9/Mines | Discovered new exit (range 5) 2806 | -9/Mines | Entered Exiles 2834 | -9/Exiles | Met 8R-AWN 2856 | -9/Exiles | Met EX-HEX 2877 | -9/Exiles | Attacked by the Exiles 2909 | -9/Exiles | Core integrity fell below 20% 2911 | -9/Exiles | Learned location of Zion (-6) 2937 | -9/Exiles | System corruption reached 10% 2951 | -9/Exiles | Discovered new exit (range 10) 2954 | -9/Exiles | Destroyed by as-65733 with Assembled Maul Last Messages --------------- 02910_ Ion Engine destroyed. 02911_ Connecting with EX-Message Board... 02911_ Current location identified: Exiles >>Record "MSG001714-01*" PINNED - TO ALL TESTERS: Stay away from Zion. Imprinter means us harm and is serious about it. World map updated: -6/Zion. 02912_ Lgt. Armor Plating destroyed. 02913_ System corrupted: Energy discharge (-19). 02917_ as-39793 destroyed. 02930_ System corrupted: Substantial component data lost. 02931_ Knocked back. 02936_ Cooling System destroyed. 02936_ System corrupted by crushing effect (+4). 02945_ System corrupted: Energy discharge (-19). 02946_ Machine disabled. 02948_ Med. Armor Plating destroyed. 02950_ as-09963 destroyed. 02951_ EXIT=FOUND 02951_ Arm. Wheel destroyed. Map ----- +----------------------------------------------------+ | ??????????????????????????????????????????????? | | ??????????????????????????????????????????????? | | ??????????????????????????????????????????????? | | ??????????????????????????????????????????????? | | ??????????????????????????????????????????????? | | ??????????????????????????????????????????????? | | ??????????????????????????????????????????????? | | ??????????????????????????????????????????????? | | ??????????????????????????????????????????????? | | ??????????????????????????????????????????????? | | ??????????????????????????????????????????????? | | ??????????????????????????????????????????????? | | ??????????????????????????????????????????????? | | ??????????????????????????????????????????????? | | ??????????????????????????????????????????????? | | ????????????????####??????????????????????????? | | ???????????????## #?????????????????????????? | | ???????????????# ?????????????????????????? | | ???????????????# < ?????????????????????????? | | ???????????????# ?????????????????????????? | | ???????????????# ????????????????????????? | | ???????????????# ????????????????????????? | | ????????????????# ????????????????????????? | | ????????????????# ##??????????????????????? | | ?????????????????# #????????????#######???? | | ?????????????????# @#######??????#!!! "#???? | | ?????????????????# aa #""##?????# "#???? | | ?????????????????## #?????# "#???? | | ??????????????????## a ##???## ""#???? | | ??????????????????#"" a%a #####" ""#???? | | ??????????????????#### ##" ""#???? | | ?????????????????????## #"" #?????? | | ??????????????????????#"## #?????? | | ??????????????????????####### ##????? | | ????????????????????????????### "#????? | | ?????????????????????????????#" ###??? | | ????????????????????????????""" ##?? | | ??????????????????????????? "###"" ### | | ????????????????????????? "#?##" " | | ????????????????????????? ##??#" | | ????????????????????????!""""""###???#"# | | ?????????????????????????######??????#### | | ????????????????????????????????????????### | | ??????????????????????????????????????????### | | ????????????????????????????????????????????## | | ?????????????????????????????????????????????## | | ??????????????????????????????????????????????# | | ??????????????????????????????????????????????? | | ??????????????????????????????????????????????? | | ??????????????????????????????????????????????? | +----------------------------------------------------+ Best States ------------- Heat Dissipation 50 Energy Generation 12 Energy Capacity 265 Matter Stores 300 Matter Capacity 300 Sight Range 16 Terrain Scan Density 10 Armor Coverage 450 Evasion (%) 50 Recoil Reduction 3 Item Schematics ----------------- Hcp. Storage Unit | -9/Materials | Hacked Hacking Suite | -9/Materials | Scanalyzed Arm. Treads | -9/Materials | Scanalyzed Sensor Array | -9/Materials | Scanalyzed Signal Interpreter | -9/Materials | Scanalyzed Robot Schematics ------------------ None Fabricated ------------ Nothing Alien Tech Used ----------------- None Achievements -------------- None Challenges ------------ None Game ------ Seed MetafiberFortressBoregun Manual? 1 Play Time 00:45:35 Cumulative 1119.1 hours Start 2021.07.17 @ 12:47:12 End 2021.07.17 @ 13:32:44 Sessions 1 Manual Loads 0 Difficulty Rogue Special Mode None Game No. 313 Rogue 313 Adventurer 0 Explorer 0 Win Type - Total 39 Types 25/6/5/3/0/0/0/0/0 Lore% 80 Gallery% 85 Achievement% 73 Wizard Run 0 Options --------- ASCII 1 Keyboard 1 Movement Numpad Keybinds 0 Fullscreen 1 Font 24/Smallcaps Map View 76x50 Tactical HUD 1 Map Filters NONE Filters NONE Steam 1 RUN: ef23d392-4d45-447d-a123-f1b0b011a3cf